 Dungeon Crawl Stone Soup version 0.29.0-10-g45618ea6d2 (webtiles) character file.

Game seed: 9506207557180745192

56 Renzlar the Shield-Bearer (level 3, -6/35 HPs)
             Began as a Gnoll Fighter on Sept 2, 2022.
             Mangled by Crazy Yiuf
             ... wielding a +2 quarterstaff of chaos
              (8 damage)
             ... on level 2 of the Dungeon.
             The game lasted 00:04:33 (1557 turns).

Renzlar the Shield-Bearer (Gnoll Fighter)           Turns: 1557, Time: 00:04:34

Health: -6/35      AC: 10    Str: 17    XL:     3   Next: 95%
Magic:  4/4        EV:  9    Int:  7    God:
Gold:   99         SH:  5    Dex: 11    Spells: 4/4 levels left

rFire   . . .      SeeInvis .   a - +0 war axe
rCold   . . .      Faith    .   i - +0 buckler
rNeg    . . .      Spirit   .   b - +0 scale mail
rPois   .          Reflect  .   j - +0 helmet
rElec   .          Harm     .   f - +0 cloak
rCorr   .          Rampage  .   (no gloves)
Will    .....                   (no boots)
Stlth   ..........              (no amulet)
HPRegen 0.11/turn               (no ring)
MPRegen 0.09/turn               (no ring)

@: mighty
A: fangs 1, strong nose, distributed training
a: no special abilities


You were on level 2 of the Dungeon.
You visited 1 branch of the dungeon, and saw 2 of its levels.

You collected 99 gold pieces.

Inventory:

Hand Weapons
 a - a +0 war axe (weapon)
 c - a +2 sling of flaming
Missiles
 e - 8 poisoned darts (quivered)
Armour
 b - a +0 scale mail (worn)
 f - a +0 cloak (worn)
 i - a +0 buckler (worn)
 j - a +0 helmet (worn)
Jewellery
 g - a ring of ice
Scrolls
 l - a scroll of enchant weapon {unknown}
 m - a scroll of enchant armour {unknown}
 p - 2 scrolls of teleportation
Potions
 h - 2 potions of curing {unknown}
 k - a potion of ambrosia {unknown}
 n - a potion of mutation {unknown}
 o - a potion of haste {unknown}


   Skills:
 + Level 6.5 Fighting
 + Level 1.0 Short Blades
 + Level 1.0 Long Blades
 + Level 4.6 Axes
 + Level 1.0 Maces & Flails
 + Level 1.0 Polearms
 + Level 1.0 Staves
 + Level 1.0 Ranged Weapons
 + Level 1.0 Throwing
 + Level 6.5 Armour
 + Level 1.0 Dodging
 + Level 1.0 Stealth
 + Level 6.5 Shields
 + Level 1.0 Unarmed Combat
 + Level 1.0 Spellcasting
 + Level 0.7 Conjurations
 + Level 0.7 Hexes
 + Level 0.7 Summonings
 + Level 0.7 Necromancy
 + Level 0.7 Translocations
 + Level 0.7 Transmutations
 + Level 0.7 Fire Magic
 + Level 0.7 Ice Magic
 + Level 0.7 Air Magic
 + Level 0.7 Earth Magic
 + Level 0.7 Poison Magic
 + Level 1.1 Invocations
 + Level 1.0 Evocations


You had 4 spell levels left.
You didn't know any spells.
Your spell library was empty.

Dungeon Overview and Level Annotations

Branches:
Dungeon (2/15)

Altars:
Sif Muna

Annotations:
D:2 Crazy Yiuf


Innate Abilities, Weirdness & Mutations

You have very sharp teeth.
Your uncanny sense of smell can sniff out nearby items.
Your experience applies equally to all skills.


Message History

There is an open gate here.
There is an open gate here.
Things that are here:
a +0 dagger; a +0 robe
Found a hammer.
Found a runed translucent door.
Saving game... please wait.
Level annotation: 1 runed translucent door, Crazy Yiuf Welcome back, Renzlar the Gnoll Fighter.
Press ? for a list of commands and other information.
Press: ? - help, v - describe, . - travel
Here: Crazy Yiuf, wielding a +2 quarterstaff of chaos, wearing a +0 cloak and carrying a wand of flame (19) (fire blocked by a runed translucent door)
The floor.
Unknown command.
Your +2 sling of flaming stops flaming.
a - a +0 war axe (weapon)
Okay, then.
You open the door.
Crazy Yiuf zaps a wand.
The puff of flame hits you!
Crazy Yiuf laughs, "Lay high senile!"
Crazy Yiuf hits you with a +2 quarterstaff of chaos.
There is an open translucent door here.
You hit Crazy Yiuf.
Crazy Yiuf is moderately wounded.
Crazy Yiuf hits you with a +2 quarterstaff of chaos!
Crazy Yiuf draws strength from your wounds!
Crazy Yiuf closely misses you.
You feel very mighty all of a sudden.
Crazy Yiuf hits you with a +2 quarterstaff of chaos.
* * * LOW HITPOINT WARNING * * *
Crazy Yiuf burns you.
* * * LOW HITPOINT WARNING * * *
Unknown command.
You barely miss Crazy Yiuf. Crazy Yiuf closely misses you.
You closely miss Crazy Yiuf.
Crazy Yiuf hits you with a +2 quarterstaff of chaos.
* * * LOW HITPOINT WARNING * * *
Unknown command.
You slash Crazy Yiuf!
Crazy Yiuf is heavily wounded.
Crazy Yiuf hits you with a +2 quarterstaff of chaos!
You die...

#.# #....#
#.# ♣....♣
#.# ♣♣...♣
#.# ♣♣.♣♣
#.# ♣♣.♣ #.#
♣.♣♣ #.#
♣♣.♣
####.#######
♣.♣♣
...........#
#@#
..##.......#
#.g.#
#.########.#
#...# #.#
#.# #)..#
#.# #.#
##### #.#
#.# #.#
#.### #.#
###.#[#
#.###
#...#.#


You could see Crazy Yiuf.

Vanquished Creatures
  An adder (D:2)
  A dart slug (D:2)
  2 bats
  3 endoplasms
  2 giant cockroaches (D:2)
  4 goblins
  2 hobgoblins (D:2)
  2 jackals (D:2)
  10 kobolds
  2 quokkas (D:1)
  3 ball pythons (D:2)
  8 frilled lizards
  4 rats
44 creatures vanquished.

Vanquished Creatures (others)
  6 plants (D:1)
6 creatures vanquished.

Grand Total: 50 creatures vanquished

Notes
Turn   | Place    | Note
-------+----------+-------------------------------------------
     0 | D:1      | Renzlar the Gnoll Fighter began the quest for the Orb.
     0 | D:1      | Reached XP level 1. HP: 23/23 MP: 1/1
   259 | D:1      | Reached XP level 2. HP: 29/29 MP: 2/2
   826 | D:2      | Reached XP level 3. HP: 35/35 MP: 3/3
   989 | D:2      | Reached skill level 1 in Invocations
  1293 | D:2      | Found a shimmering blue altar of Sif Muna.
  1297 | D:2      | Reached skill level 1 in Short Blades
  1297 | D:2      | Reached skill level 1 in Long Blades
  1297 | D:2      | Reached skill level 1 in Maces & Flails
  1297 | D:2      | Reached skill level 1 in Polearms
  1297 | D:2      | Reached skill level 1 in Staves
  1297 | D:2      | Reached skill level 1 in Ranged Weapons
  1297 | D:2      | Reached skill level 1 in Throwing
  1297 | D:2      | Reached skill level 1 in Dodging
  1297 | D:2      | Reached skill level 1 in Stealth
  1297 | D:2      | Reached skill level 1 in Unarmed Combat
  1297 | D:2      | Reached skill level 1 in Spellcasting
  1297 | D:2      | Reached skill level 1 in Evocations
  1546 | D:2      | Found a runed translucent door.
  1547 | D:2      | Noticed Crazy Yiuf
  1557 | D:2      | Mangled by Crazy Yiuf

Illustrated notes

Levels and vault maps discovered:
D:1:      ncdulo_smallfort, layout_loops_cross, amcnicky_mini_pool_small,
          lexackson_kobold_supper
D:2:      layout_loops_ring, basic_altar, kennysheep_cluttered_room,
          grunt_ministairs_1, minmay_between, uniq_crazy_yiuf_cottage

Skill      XL: |  1  2  3 |
---------------+----------+-----
Invocations    | 1 |  1.1
Short Blades   | 1 |  1.0
Long Blades    | 1 |  1.0
Maces & Flails | 1 |  1.0
Polearms       | 1 |  1.0
Staves         | 1 |  1.0
Ranged Weapons | 1 |  1.0
Throwing       | 1 |  1.0
Dodging        | 1 |  1.0
Stealth        | 1 |  1.0
Unarmed Combat | 1 |  1.0
Spellcasting   | 1 |  1.0
Evocations     | 1 |  1.0
Fighting       | |  6.5
Axes           | |  4.6
Armour         | |  6.5
Shields        | |  6.5
Conjurations   | |  0.7
Hexes          | |  0.7
Summonings     | |  0.7
Necromancy     | |  0.7
Translocations | |  0.7
Transmutations | |  0.7
Fire Magic     | |  0.7
Ice Magic      | |  0.7
Air Magic      | |  0.7
Earth Magic    | |  0.7
Poison Magic   | |  0.7

Action                   || total
-------------------------++-------
Melee: War axe           ||    39
       Bite              ||     2
 Fire: Sling             ||    67
  Use: Scroll            ||     4
       Potion            ||     1
Armor: Scale mail        ||    26
Dodge: Dodged            ||    39
Block: Buckler           ||    19
